 Dungeon Crawl Stone Soup version 0.13-a0-2561-ge340899 (console) character file.

279 Chozo the Magician (level 5, 0/33 HPs)
             Began as a Demonspawn Wizard on July 30, 2013.
             Slain by a worker ant (4 damage)
             ... on Level 4 of the Dungeon.
             The game lasted 00:09:26 (2799 turns).

Chozo the Magician (Demonspawn Wizard)              Turns: 2799, Time: 00:09:26

HP   0/33        AC  4     Str  7      XL: 5   Next: 12%
MP   1/14        EV 12     Int 21      God:
Gold 126         SH  0     Dex 11      Spells:  4 memorised,  4 levels left

Res.Fire  : . . .   See Invis. : .   g - -1,+1 orc club
Res.Cold  : . . .   Warding    : .   a - +0 robe
Life Prot.: . . .   Conserve   : .   (no shield)
Res.Poison: .       Res.Corr.  : .   b - +0 wizard hat
Res.Elec. : .       Clarity    : .   (no cloak)
Sust.Abil.: . .     Spirit.Shd : .   (no gloves)
Res.Mut.  : .       Stasis     : .   (no boots)
Res.Rott. : .       Flight     : .   (no amulet)
Saprovore : . . .                    (no ring)
                                     k - +1 ring of protection

@: mildly poisoned, slightly resistant to hostile enchantments, unstealthy
A: powered by death 1, powered by pain 1, AC +1
a: no special abilities


You were on level 4 of the Dungeon.
You were not hungry.

You visited 1 branch of the dungeon, and saw 4 of its levels.

You collected 106 gold pieces.

Inventory:

Hand weapons
 g - a -1,+1 orcish club (weapon)
Armour
 a - a +0 robe (worn)
 b - a +0 wizard hat (worn)
Comestibles
 d - 2 bread rations
Scrolls
 f - 2 scrolls of remove curse {unknown}
 h - a scroll of teleportation {unknown}
 j - a scroll of enchant weapon I {unknown}
 l - 2 scrolls of identify {unknown}
 m - a scroll of enchant weapon II {unknown}
 q - a scroll of fear {unknown}
 s - 2 scrolls of curse weapon {unknown}
Jewellery
 i - an uncursed ring of see invisible {unknown}
 k - a +1 ring of protection (left hand)
Potions
 n - 2 potions of curing {unknown}
 o - a potion of mutation {unknown}
 p - a potion of resistance {unknown}
 r - a potion of magic {unknown}
 u - a potion of restore abilities {unknown}
 v - a potion of heal wounds {unknown}
 w - a potion of might {unknown}
Books
 c - a book of Minor Magic

   Spells                             Type                      Level
   *Magic Dart                        Conjuration                  1
   *Blink                             Translocation                2
   *Call Imp                          Summoning                    2
   Repel Missiles                     Charms/Air                   2
   Slow                               Hexes                        2
   Conjure Flame                      Conjuration/Fire             3
   *Mephitic Cloud                    Conjuration/Poison/Air       3


   Skills:
 - Level 1.0 Fighting
 - Level 2.0 Dodging
 - Level 1.7 Stealth
 + Level 4.4 Spellcasting
 + Level 2.4 Conjurations
 * Level 1.9 Summonings
 + Level 0.8 Translocations


You had 4 spell levels left.
You knew the following spells:

 Your Spells              Type           Power        Failure   Level  Hunger
a - Magic Dart            Conj           ###.         4%          1    None
b - Call Imp              Summ           ##........   10%         2    #......
c - Blink                 Tloc           N/A          14%         2    #......
d - Mephitic Cloud        Conj/Pois/Air  #.......     30%         3    ###....


Dungeon Overview and Level Annotations

Branches:
Dungeon (4/27)
 Temple: D:4-7

Altars:


Innate Abilities, Weirdness & Mutations

You are partially covered in rugged brown scales (AC +1, +3% HP).
You can steal the life force of nearby defeated enemies.
You sometimes gain a little power by taking damage.


Message History

Rugged brown scales grow over part of your body.
You see here 20 bolts of flame.
You feel sick.
You feel sick.
You feel sick.
You open the door.
A worker ant comes into view.
The worker ant twitches its antennae in your direction.
There is an open door here.
Casting: Magic Dart
Confirm with . or Enter, or press ? or * to list all spells.
A beastly little devil appears in a puff of flame.
You feel sick.
Your crimson imp hits the worker ant.
The worker ant bites you.
* * * LOW HITPOINT WARNING * * *
Casting: Call Imp
Confirm with . or Enter, or press ? or * to list all spells.
A beastly little devil appears in a puff of flame.
The worker ant bites you.
You die...

#.....######....#..
##....# #....#..
####.######....#..
#>................
#.##.(..#......##.
#...###.# #### #.
#.#.###.# #.
#5#.....# ##
#@####### + #a# #
#5# # #.....# #
#.....# # #......
###..... #......
.......#


You could see a worker ant and 2 friendly crimson imps.

Vanquished Creatures
  A worker ant (D:4)
  3 gnolls
  2 adders (D:2)
  An ooze (D:1)
  8 goblins
  5 hobgoblins
  A quokka (D:3)
  A ball python (D:2)
  6 bats
  4 giant cockroaches
  A giant gecko (D:3)
  2 giant newts
  3 jackals (D:2)
  10 kobolds
  6 rats
54 creatures vanquished.

Vanquished Creatures (collateral kills)
  5 gnolls
5 creatures vanquished.

Vanquished Creatures (others)
  A shadow imp (D:4)
1 creature vanquished.

Grand Total: 60 creatures vanquished

Notes
Turn   | Place    | Note
--------------------------------------------------------------
     0 | D:1      | Chozo, the Demonspawn Wizard, began the quest for the Orb.
     0 | D:1      | Reached XP level 1. HP: 11/11 MP: 5/5
   437 | D:1      | Gained mutation: You can steal the life force of nearby defeated enemies. [demonic ancestry]
   437 | D:1      | Reached XP level 2. HP: 17/17 MP: 0/7
  1066 | D:2      | Learned a level 2 spell: Call Imp
  1069 | D:2      | Learned a level 2 spell: Blink
  1344 | D:2      | Reached XP level 3. HP: 22/22 MP: 5/9
  1496 | D:2      | Reached skill level 1 in Fighting
  1873 | D:3      | Reached skill level 4 in Spellcasting
  1896 | D:3      | Learned a level 3 spell: Mephitic Cloud
  1903 | D:3      | Gained mutation: You sometimes gain a little power by taking damage. [demonic ancestry]
  1903 | D:3      | Reached XP level 4. HP: 12/28 MP: 4/12
  2780 | D:4      | Gained mutation: You are partially covered in rugged brown scales (AC +1, +3% HP). [demonic ancestry]
  2780 | D:4      | Reached XP level 5. HP: 12/33 MP: 3/14
  2799 | D:4      | Slain by a worker ant

Action                   |  1- 3 |  4- 6 || total
-------------------------+-------+-------++-------
Melee: Club              |    20 |    13 ||    33
       Unarmed           |     1 |       ||     1
 Cast: Magic Dart        |    90 |    51 ||   141
       Call Imp          |     3 |     6 ||     9
       Mephitic Cloud    |       |     2 ||     2
